 Dungeon Crawl Stone Soup version 0.27-a0-1189-gb8eb6cee8e (webtiles) character file.

Game seed: 11771010622316818910

83 Zonian the Magician (level 4, 0/21 HPs)
             Began as a Spriggan Hedge Wizard on May 22, 2021.
             Succumbed to an adder's poison
             ... on level 3 of the Dungeon.
             The game lasted 00:04:12 (3582 turns).

Zonian the Magician (Spriggan Hedge Wizard)         Turns: 3582, Time: 00:04:13

Health: 0/21       AC:  2    Str:  6    XL:     4   Next: 22%
Magic:  12/12      EV: 17    Int: 15    God:
Gold:   118        SH:  0    Dex: 15    Spells: 10/13 levels left

rFire    . . .     SeeInvis +   a - +0 dagger
rCold    . . .     Faith    .   (shield restricted)
rNeg     . . .     Spirit   .   b - +0 robe
rPois    .         Reflect  .   c - +0 hat
rElec    .         Harm     .   (no cloak)
rCorr    .         Rampage  .   (gloves unavailable)
Will     .....                  (boots unavailable)
Stlth    +++.......             i - amulet of the acrobat
HPRegen  0.07/turn              (no ring)
MPRegen  0.13/turn              (no ring)

@: mighty, lethally poisoned (0 -> -6), very quick
A: very small, no large weapons, unfitting armour, see invisible, speed 3
a: no special abilities


You were on level 3 of the Dungeon.
You visited 1 branch of the dungeon, and saw 3 of its levels.

You collected 118 gold pieces.

Inventory:

Hand Weapons
 a - a +0 dagger (weapon)
Missiles
 d - 25 sling bullets
 k - 19 poisoned darts
Armour
 b - a +0 robe (worn)
 c - a +0 hat (worn)
Magical Staves
 e - a staff of fire
Jewellery
 i - an amulet of the acrobat (around neck)
Scrolls
 g - 2 scrolls of identify {unknown}
 h - a scroll of teleportation {unknown}
Potions
 j - a potion of curing {unknown}


   Skills:
 + Level 0.2 Short Blades
 + Level 3.1 Dodging
 + Level 4.1 Stealth
 + Level 5.2 Spellcasting
 + Level 1.2 Conjurations
 + Level 0.7 Summonings
 * Level 2.0 Translocations


You had 10 spell levels left.
You knew the following spells:

 Your Spells              Type           Power      Damage    Failure   Level
a - Magic Dart            Conj           28%        1d4       10%         1
b - Blink                 Tloc           N/A        N/A       11%         2

Your spell library contained the following spells:

 Spells                   Type           Power      Damage    Failure   Level
 Call Imp                 Summ           6%         N/A       19%         2
 Slow                     Hex            3%         N/A       24%         2
 Conjure Flame            Conj/Fire      5%         6-21      36%         3
 Mephitic Cloud           Conj/Pois/Air  5%         N/A       38%         3


Dungeon Overview and Level Annotations

Branches:
Dungeon (3/15)

Altars:


Innate Abilities, Weirdness & Mutations

You are very small and have problems with some larger weapons.
You are too small for most types of armour.
You have supernaturally acute eyesight. (SInv)
You cover ground extremely quickly. (Speed+++)


Message History

The orc is moderately wounded.
The orc closely misses you.
You hit the orc.
The orc is heavily wounded.
The orc closely misses you.
You are too injured to fight recklessly!
You are too injured to fight recklessly!
Unknown command.
Casting: Magic Dart (safe; 10% risk of failure)
Confirm with . or Enter, or press ? or * to list all spells.
Okay, then.
Okay, then.
Okay, then.
The bat closely misses you.
You hit the bat.
The bat is heavily wounded.
The bat misses you. The bat completely misses you. The bat misses you.
You hit the bat.
You kill the bat!
The adder hisses angrily.
You barely miss the adder. The adder closely misses you.
The adder barely misses you.
You closely miss the adder. The adder bites you but does no damage.
You closely miss the adder. The adder completely misses you.
You closely miss the adder. The adder bites you.
You are poisoned.
The adder poisons you!
You hit the adder but do no damage.
* * * LOW HITPOINT WARNING * * *
You feel sick. The adder bites you.
* * * LOW HITPOINT WARNING * * *
You are more poisoned.
The adder poisons you! The adder bites you but does no damage.
You hit the adder but do no damage.
* * * LOW HITPOINT WARNING * * *
You feel sick. The orc misses you. The adder barely misses you.
Unknown command.
It was a potion of might.
You feel very mighty all of a sudden.
You die...

### ..###### #..>....
.# ##### .# #...###
.# #..... .## #..o#
..#############S##
.........S..##.#@####
...########...###oo.#
#..# #..#.#.##o# ##.#
#..##.# #.# #..#
#..##.# #.# ...#
#..##o# #.# #..#
#..##.###o# #..#
#..##o.##.# #..##
#..###.##o#


You could see an adder and 3 orcs.

Vanquished Creatures
  Jessica (D:3)
  An adder (D:2)
  3 dart slugs
  A ball python (D:1)
  3 endoplasms
  4 goblins
  2 hobgoblins (D:1)
  8 jackals (D:1)
  7 bats
  3 frilled lizards
  2 kobolds (D:1)
  6 rats
41 creatures vanquished.

Notes
Turn   | Place    | Note
-------+----------+-------------------------------------------
     0 | D:1      | Zonian the Spriggan Hedge Wizard began the quest for the
                  | Orb.
     0 | D:1      | Reached XP level 1. HP: 9/9 MP: 6/6
  1012 | D:1      | Reached XP level 2. HP: 13/13 MP: 1/8
  1691 | D:1      | Reached skill level 5 in Spellcasting
  1964 | D:1      | Reached XP level 3. HP: 16/16 MP: 6/10
  2188 | D:1      | Reached skill level 1 in Conjurations
  3098 | D:2      | Learned a level 2 spell: Blink
  3130 | D:3      | Noticed Jessica
  3147 | D:3      | Killed Jessica
  3148 | D:3      | Reached XP level 4. HP: 12/21 MP: 7/12
  3478 | D:3      | Noticed a necrophage
  3488 | D:3      | Noticed an ice beast
  3581 | D:3      | HP: 1/21 [poisoned by an adder]
  3582 | D:3      | Succumbed to an adder's poison

Illustrated notes

Levels and vault maps discovered:
D:1:      dpeg_arrival_another_circle, layout_basic
D:2:      layout_basic
D:3:      layout_loops_ring, basic_ecumenical_altar, skrybe_limestone_x,
          uniq_jessica

Skill      XL: |  1  2  3  4 |
---------------+-------------+-----
Spellcasting   | 5 |  5.2
Conjurations   | 1 |  1.2
Dodging        | 3 |  3.1
Stealth        | 4 |  4.1
Translocations | 2 |  2.0
Short Blades   | |  0.2
Summonings     | |  0.7

Action                   |  1- 3 |  4- 6 || total
-------------------------+-------+-------++-------
Melee: Dagger            |    76 |    40 ||   116
 Cast: Magic Dart        |    68 |       ||    68
  Use: Potion            |       |     1 ||     1
 Stab: Sleeping          |     5 |     1 ||     6
Armor: Robe              |    13 |     3 ||    16
Dodge: Dodged            |    69 |    41 ||   110

Table legend: (Time is in decaauts)
 A = Elapsed time spent in this place.
 B = Non-inter-level travel time spent in this place.
 C = Inter-level travel time spent in this place.
 D = Time resting spent in this place.
 E = Time spent auto-exploring this place.
 F = Levels seen in this place.
 G = Mean time per level.
                   A        B        C        D        E       F      G
               +--------+--------+--------+--------+--------+-----+--------+
         Total |   3023 |   3004 |     19 |   1644 |    973 |   3 | 1007.7 |
       Dungeon |   3023 |   3004 |     19 |   1644 |    973 |   3 | 1007.7 |
               +--------+--------+--------+--------+--------+-----+--------+

Top non-repeatable levels by time:
     D:1: 2196 daAuts
     D:2: 441 daAuts
     D:3: 385 daAuts
